 Dungeon Crawl Stone Soup version 0.30-a0-313-gae38170b09 (webtiles) character file.

Game seed: 5708093082338086107

61726 koil the Nimble (level 14, -2/75 HPs)
             Began as a Spriggan Hunter on Oct 26, 2022.
             Was the Champion of Kikubaaqudgha.
             Slain by a sun demon (9 damage)
             ... on level 5 of the Lair of Beasts.
             The game lasted 02:42:45 (29756 turns).

koil the Nimble (Spriggan Hunter)                  Turns: 29756, Time: 02:42:46

Health: -2/75      AC: 10    Str:  6    XL:     14   Next: 61%
Magic:  26/31      EV: 31    Int: 18    God:    Kikubaaqudgha [******]
Gold:   1231       SH:  0    Dex: 29    Spells: 18/38 levels left

rFire   + . .      SeeInvis +    a - +3 shortbow
rCold   + . .      Faith    .    (shield currently unavailable)
rNeg    + + .      Spirit   .    y - +1 acid dragon scales of Naj Riyf {rF+ rN+ rCorr}
rPois   +          Reflect  .    (helmet restricted)
rElec   .          Harm     .    h - +2 cloak
rCorr   +          Rampage  .    (gloves unavailable)
Will    ++...      Rage     3%   (boots unavailable)
Stlth   ++++......               B - amulet of regeneration
HPRegen 1.12/turn                t - ring of poison resistance
MPRegen 0.22/turn                o - ring of Madghaese {*Slow rC+ rN+ Int+7 Dex+3}

@: slowed, quick
A: very small, no large weapons, unfitting armour, see invisible, speed 3, agile
1, berserk 1, wild magic 1
a: Renounce Religion, Unearth Wretches, Torment, Brand Weapon With Pain, Receive
Forbidden Knowledge


You were on level 5 of the Lair of Beasts.
You worshipped Kikubaaqudgha.
Kikubaaqudgha was exalted by your worship.
You visited 3 branches of the dungeon, and saw 17 of its levels.
You also visited: Bailey and Ice Cave.

You collected 1231 gold pieces.

Inventory:

Hand Weapons
 a - a +3 shortbow (weapon)
 b - a +2 dagger of venom
 Q - a +1 antimagic shortbow
Missiles
 K - 6 atropa-tipped darts
 R - 50 poisoned darts
 T - 2 curare-tipped darts
Armour
 h - a +2 cloak (worn)
 n - a scarf of invisibility
 y - the +1 acid dragon scales of Naj Riyf (worn) {rF+ rN+ rCorr}
   (You found it in a bailey)

   rF:        It protects you from fire.
   rN:        It protects you from negative energy.
   rCorr:     It protects you from acid and corrosion.
Jewellery
 c - a +6 ring of intelligence
 f - a ring of wizardry
 j - a +6 ring of dexterity
 m - a +4 ring of protection
 o - the ring of Madghaese (right hand) {*Slow rC+ rN+ Int+7 Dex+3}
   (You acquired it in a bailey)

   [ring of protection from cold]

   Int:       It affects your intelligence (+7).
   Dex:       It affects your dexterity (+3).
   rC:        It protects you from cold.
   rN:        It protects you from negative energy.
   *Slow:     It may slow you when you take damage.
 t - a ring of poison resistance (left hand)
 B - an amulet of regeneration (around neck)
 N - a +4 ring of evasion
 U - a ring of willpower
Wands
 G - a wand of charming (25)
 S - a wand of polymorph (7)
 W - a wand of flame (19)
 Y - a wand of iceblast (10)
Scrolls
 d - 3 scrolls of fear
 g - a scroll of butterflies
 i - 10 scrolls of teleportation
 k - 6 scrolls of identify
 r - 2 scrolls of magic mapping
 s - 7 scrolls of immolation
 v - 5 scrolls of poison
 M - 2 scrolls of blinking
 X - 2 scrolls of vulnerability
Potions
 e - a potion of invisibility
 q - 4 potions of haste
 u - 3 potions of magic
 w - a potion of curing
 x - 3 potions of might
 A - 3 potions of flight
 D - 2 potions of cancellation
 F - 2 potions of ambrosia
 O - 4 potions of brilliance
 V - 3 potions of resistance


   Skills:
 + Level 9.5 Fighting
 + Level 11.6 Ranged Weapons
 + Level 14.2 Dodging
 - Level 7.0 Stealth
 - Level 12.6 Spellcasting
 + Level 2.5 Conjurations
 - Level 5.0 Hexes
 + Level 5.4 Necromancy
 - Level 5.0 Fire Magic
 - Level 5.3 Ice Magic
 - Level 8.0 Poison Magic


You had 18 spell levels left.
You knew the following spells:

 Your Spells              Type           Power      Damage    Failure   Level
a - Ensorcelled Hibernat  Hex/Ice        78%        N/A       4%          2
b - Freezing Cloud        Conj/Ice/Air   13%        6-21      82%         5
c - Animate Dead          Necr           40%        N/A       19%         4
d - Ignite Poison         Fire/Tmut/Pois 35%        N/A       10%         3
e - Olgreb's Toxic Radia  Pois           51%        N/A       8%          4
f - Blink                 Tloc           28%        N/A       26%         2

Your spell library contained the following spells:

 Spells                   Type           Power      Damage    Failure   Level
 Freeze                   Ice            100%       1d10      2%          1
 Necrotise                Necr           100%       1d9       2%          1
 Sting                    Tmut/Pois      100%       1d8       4%          1
 Cigotuvi's Dreadful Rot  Necr/Pois/Air  70%        N/A       5%          2
 Frozen Ramparts          Ice            78%        1d12      7%          3
 Ozocubu's Armour         Ice            39%        N/A       7%          3
 Vampiric Draining        Necr           40%        2d8       7%          3
 Tukima's Dance           Hex            38%        N/A       8%          3
 Spider Form              Tmut/Pois      33%        N/A       11%         3
 Hailstorm                Conj/Ice       33%        3d8       12%         3
 Beastly Appendage        Tmut           28%        N/A       17%         1
 Portal Projectile        Hex/Tloc       52%        N/A       19%         3
 Dispel Undead            Necr           40%        3d16      19%         4
 Anguish                  Hex/Necr       19%        N/A       21%         4
 Wereblood                Tmut           14%        N/A       26%         2
 Gell's Gravitas          Tloc           14%        N/A       45%         3
 Lesser Beckoning         Tloc           28%        N/A       45%         3
 Teleport Other           Tloc           14%        N/A       45%         3
 Metabolic Englaciation   Hex/Ice        19%        N/A       47%         5
 Borgnjor's Vile Clutch   Necr/Erth      13%        N/A       82%         5
 Manifold Assault         Tloc           14%        N/A       83%         4
 Death Channel            Necr           20%        N/A       94%         6
 Simulacrum               Ice/Necr       20%        N/A       94%         6
 Blade Hands              Tmut           7%         N/A       99%         5
 Dispersal                Tloc           7%         N/A       100%        6
 Enfeeble                 Hex            19%        N/A       100%        7
 Ozocubu's Refrigeration  Ice            19%        4d11      100%        7
 Storm Form               Tmut/Air       7%         N/A       100%        7
 Ignition                 Fire           19%        3d7       100%        8
 Polar Vortex             Ice            19%        N/A       100%        9


Dungeon Overview and Level Annotations

Branches:
Dungeon (11/15)            Temple (1/1) D:5            Lair (5/5) D:11
 Shoals (0/4) Lair:2       Spider (0/4) Lair:3        Slime (0/5) Lair:5
    Orc (0/2) D:9          Bailey (visited)           IceCv (visited)

Altars:
Ashenzari
Cheibriados
Dithmenos
Elyvilon
Fedhas
Gozag
Hepliaklqana
Kikubaaqudgha
Makhleb
Nemelex Xobeh
Okawaru
Qazlal
Ru
Sif Muna
Trog
Uskayaw
Vehumet
Wu Jian
Xom
Yredelemnul
Zin
The Shining One

Shops:
D:2 [

Portals:
Abyss: Lair:3

Annotations:
Lair:3 Taurus's ghost, journeyman MiFi


Innate Abilities, Weirdness & Mutations

You are very small and have problems with some larger weapons.
You are too small for most types of armour.
You have supernaturally acute eyesight. (SInv)
You cover ground extremely quickly. (Speed+++)
You are agile. (Dex +4, Str/Int -1)
You sometimes lose your temper in combat.
Your spells are a little harder to cast, but a little more powerful.


Message History

The sun demon misses you.
You shoot an arrow. The arrow barely misses the sun demon.
The sun demon hits you but does no damage.
You shoot an arrow. The arrow closely misses the sun demon.
The sun demon completely misses you.
You shoot an arrow.
The arrow hits the sun demon but does no damage.
The sun demon hits you but does no damage.
You shoot an arrow. The arrow hits the sun demon!
The sun demon is lightly wounded.
The sun demon misses you.
You shoot an arrow.
The arrow hits the sun demon but does no damage.
The sun demon is lightly wounded.
The sun demon hits you.
You are engulfed in flames.
You resist. The sun demon hits you!!
* * * LOW HITPOINT WARNING * * *
You are engulfed in flames.
You resist.
* * * LOW HITPOINT WARNING * * *
You feel much better. The sun demon misses you.
You see here a rime drake corpse.
You see here a water moccasin corpse.
Casting: Ignite Poison (dangerous; 10% risk of failure)
Confirm with . or Enter, or press ? or * to list all spells.
Okay, then.
You shoot an arrow. The arrow hits the sun demon.
The sun demon is lightly wounded.
The sun demon closely misses you.
You shoot an arrow. The arrow hits the sun demon!
The sun demon is moderately wounded.
The sun demon hits you!!
* * * LOW HITPOINT WARNING * * *
You are engulfed in flames!
You resist.
* * * LOW HITPOINT WARNING * * *
You feel yourself slow down. The sun demon hits you!
* * * LOW HITPOINT WARNING * * *
You are engulfed in flames!
You resist.
You die...
Kikubaaqudgha rasps: "You have failed me!
Welcome... death!"

.♣♣♣♣♣♣♣♣.......♣♣.♣♣♣....♣♣..♣..
.♣ ♣♣♣.÷♣♣♣♣♣♣♣ ♣♣..♣♣♣♣♣♣♣♣ .♣
♣♣.♣♣ ♣♣♣♣ ♣♣♣ ♣♣ ♣♣.♣ ♣♣.♣ ♣♣♣♣
♣♣.♣ ♣♣..† ZZ.♣♣♣ ♣♣..♣♣ ♣...†
♣♣♣..♣♣♣♣♣♣....♣♣ ♣♣♣..♣ ♣
♣♣♣Z......♣...♣♣♣ ♣♣...♣♣ ♣
♣♣♣...♣♣♣♣.♣@3♣♣♣♣ ♣♣♣♣4..♣♣ ♣♣
♣♣♣♣♣♣♣..♣♣♣.4.♣♣♣....♣♣♣ .♣
♣♣..♣♣ ♣♣....†..♣♣♣ .♣ ♣♣Z.♣♣
♣♣.♣♣P♣♣♣ ♣♣ ♣♣..♣♣♣
♣♣♣♣♣+######## ♣ ♣..♣ZZ♣♣
#......). ♣♣ ♣♣..♣♣..♣ #..8.8..h
.♣ ♣♣..♣♣♣♣.♣♣ #...#.8.4 ♣♣
♣♣♣..♣♣ ♣..♣♣ #..#.8..h


You could see a sun demon and an ice devil.

Vanquished Creatures
  Kirke (Lair:3)
  A frost giant (IceCv)
  Erolcha (D:11)
  2 catoblepae (Lair:3)
  3 hydras
  A death knight (D:10)
  A boulder beetle (D:10)
  A centaur warrior (D:10)
  2 tengu warriors
  A two-headed ogre (D:10)
  3 death yaks (IceCv)
  A glowing orange brain (Bailey)
  A wizard (Lair:5)
  Pikel (D:8)
  2 deep elf pyromancers (D:10)
  An orc sorcerer (Bailey)
  3 oklob plants (Lair:3)
  2 manticores (D:11)
  An ugly thing (IceCv)
  A cyclops (D:11)
  An ice statue (IceCv)
  6 elephants
  A merfolk siren (Lair:2)
  14 cane toads
  3 black mambas
  2 orange demons (Lair:5)
  A gargoyle (D:10)
  6 rime drakes
  14 komodo dragons
  A kobold demonologist (Bailey)
  An ice devil (Lair:5)
  An efreet (D:10)
  3 trolls (D:10)
  A hornet (D:10)
  15 polar bears
  10 blink frogs
  A spriggan (Lair:3)
  4 wraiths
  Sigmund (D:4)
  4 shadows
  A hog (Lair:3)
  54 yaks
  A vampire (D:10)
  4 wyverns
  A basilisk (Lair:1)
  A golden eye (shapeshifter) (D:10)
  2 redbacks (Lair:3)
  8 vampire mosquitoes
  4 steam dragons
  2 acid dragons (D:10)
  2 hell hounds (Lair:5)
  A floating eye (shapeshifter) (D:10)
  12 water moccasins
  3 black bears
  12 orc warriors
  A boggart (D:10)
  14 centaurs
  2 ogres
  25 wolves
  2 phantoms
  7 kobold brigands
  21 bullfrogs
  2 scorpions
  3 necrophages
  2 gnoll sergeants
  11 wights
  6 killer bees
  3 howler monkeys
  4 electric eels
  2 quasits (D:6)
  7 orc priests
  6 hounds
  A jelly (D:5)
  A gnoll bouda (D:6)
  Jessica (D:2)
  4 iguanas
  8 orc wizards
  7 adders
  17 gnolls
  A shadow imp (D:7)
  3 white imps
  2 ufetubi (D:6)
  2 worms
  2 dart slugs
  45 orcs
  3 endoplasms
  A giant cockroach (D:3)
  14 goblins
  9 hobgoblins
  3 quokkas
  6 ball pythons
  4 bats
  4 frilled lizards
  20 kobolds
  10 rats
514 creatures vanquished.

Vanquished Creatures (collateral kills)
  A fire crab (Lair:5)
  An elephant (Lair:5)
  A cane toad (Lair:5)
  2 rime drakes (Lair:5)
  5 yaks (Lair:5)
  A water moccasin (Lair:5)
11 creatures vanquished.

Vanquished Creatures (others)
  A rime drake zombie (IceCv)
  8 yak zombies
  A polar bear zombie (Lair:5)
  2 wolf zombies
  A bullfrog zombie (Lair:4)
  An orc wizard (D:10)
  A bush (Lair:5)
  A butterfly (Lair:3)
  3 demonic plants (D:6)
  38 fungi
  38 plants
95 creatures vanquished.

Grand Total: 620 creatures vanquished

Notes
Turn   | Place    | Note
-------+----------+-------------------------------------------
     0 | D:1      | koil the Spriggan Hunter began the quest for the Orb.
     0 | D:1      | Reached XP level 1. HP: 10/10 MP: 2/2
   417 | D:1      | Reached XP level 2. HP: 15/15 MP: 2/4
   559 | D:1      | Reached skill level 3 in Dodging
   568 | D:1      | You fall into a shaft and drop 1 floor!
   608 | D:2      | Reached skill level 1 in Spellcasting
   968 | D:2      | Reached XP level 3. HP: 8/18 MP: 5/5
  1012 | D:2      | Found Zeskycec's Armour Boutique.
  1325 | D:2      | Noticed Jessica
  1328 | D:2      | Killed Jessica
  1329 | D:2      | Reached XP level 4. HP: 23/23 MP: 7/7
  1982 | D:3      | Reached XP level 5. HP: 27/27 MP: 9/9
  2338 | D:4      | Noticed Sigmund
  2351 | D:4      | Killed Sigmund
  2352 | D:4      | Reached skill level 4 in Dodging
  2352 | D:4      | Reached XP level 6. HP: 32/32 MP: 9/11
  2474 | D:4      | Reached skill level 5 in Ranged Weapons
  2599 | D:4      | Reached skill level 5 in Stealth
  2927 | D:4      | Reached skill level 5 in Dodging
  2927 | D:4      | Reached XP level 7. HP: 36/36 MP: 13/13
  3028 | D:5      | Entered Level 5 of the Dungeon
  3209 | D:5      | Found a staircase to the Ecumenical Temple.
  3940 | D:6      | Reached XP level 8. HP: 39/42 MP: 16/16
  3991 | D:6      | Reached skill level 6 in Dodging
  4059 | D:6      | Reached skill level 5 in Spellcasting
  4063 | D:6      | Learned a level 2 spell: Ensorcelled Hibernation
  4069 | D:6      | Learned a level 5 spell: Freezing Cloud
  4165 | D:6      | Found an ancient bone altar of Kikubaaqudgha.
  4166 | D:6      | Found an ornate altar of the Wu Jian Council.
  4181 | D:6      | Reached skill level 1 in Hexes
  4393 | D:6      | Found a glowing golden altar of the Shining One.
  4398 | D:6      | Found a white marble altar of Elyvilon.
  4593 | D:6      | Reached skill level 1 in Ice Magic
  5141 | D:6      | Reached skill level 7 in Dodging
  6160 | D:7      | Reached XP level 9. HP: 46/46 MP: 18/18
  7143 | Temple   | Entered the Ecumenical Temple
  7485 | Temple   | Gained mutation: Your magical capacity is low. (-10% MP)
                  | [potion of mutation]
  7485 | Temple   | Gained mutation: You have a somewhat thin skeletal
                  | structure. (Dex +2, Stealth+) [potion of mutation]
  7486 | Temple   | Lost mutation: Your magical capacity is low. (-10% MP)
                  | [potion of mutation]
  7486 | Temple   | Lost mutation: You have a somewhat thin skeletal structure.
                  | (Dex +2, Stealth+) [potion of mutation]
  7486 | Temple   | Gained mutation: You are agile. (Dex +4, Str/Int -1)
                  | [potion of mutation]
  7486 | Temple   | Gained mutation: Your spells are a little harder to cast,
                  | but a little more powerful. [potion of mutation]
  7630 | D:6      | Became a worshipper of Kikubaaqudgha
  7730 | D:7      | Reached skill level 5 in Fighting
  7877 | D:8      | Reached skill level 8 in Dodging
  8229 | D:8      | Found a flagged portal.
  8410 | D:8      | Noticed Pikel
  8463 | Bailey   | Entered a bailey
  8499 | Bailey   | Reached * piety under Kikubaaqudgha
  8499 | Bailey   | Received a gift from Kikubaaqudgha
  8941 | Bailey   | Learned a level 4 spell: Animate Dead
  8952 | Bailey   | Noticed an orc knight
  8986 | Bailey   | Reached XP level 10. HP: 29/51 MP: 21/21
  9013 | Bailey   | an orc knight changed into a manticore
  9013 | Bailey   | Noticed a manticore
  9051 | Bailey   | a manticore changed into a death drake
  9051 | Bailey   | Noticed a death drake
  9052 | Bailey   | a death drake changed into a glowing orange brain
  9052 | Bailey   | Noticed a glowing orange brain
  9062 | Bailey   | Killed a glowing orange brain
  9063 | Bailey   | Reached skill level 5 in Hexes
  9063 | Bailey   | Reached skill level 1 in Necromancy
  9253 | Bailey   | Acquired the ring of Madghaese {*Slow rC+ rN+ Int+7 Dex+3}
  9445 | Bailey   | Found an iron altar of Okawaru.
  9445 | Bailey   | Noticed an orc sorcerer
  9506 | Bailey   | Killed an orc sorcerer
  9507 | Bailey   | Reached skill level 9 in Dodging
  9515 | Bailey   | Reached ** piety under Kikubaaqudgha
  9580 | Bailey   | Gained mutation: You sometimes lose your temper in combat.
                  | [a neqoxec]
  9583 | Bailey   | Noticed a sun demon
  9654 | Bailey   | Got the Secrets of Evolution
  9687 | Bailey   | Identified the +1 acid dragon scales of Naj Riyf {rF+ rN+
                  | rCorr}
 10025 | D:8      | Killed Pikel
 10649 | D:9      | Found a staircase to the Orcish Mines.
 11713 | D:10     | Entered Level 10 of the Dungeon
 11719 | D:10     | Noticed a gargoyle
 11785 | D:10     | Noticed a tengu warrior
 11806 | D:10     | Noticed a centaur warrior
 11818 | D:10     | Noticed a boulder beetle
 11818 | D:10     | Noticed a deep elf pyromancer
 11975 | D:10     | Noticed a deep elf pyromancer
 11978 | D:10     | Reached XP level 11. HP: 43/56 MP: 19/24
 11999 | D:10     | Killed a deep elf pyromancer
 12079 | D:10     | Learned a level 3 spell: Ignite Poison
 12167 | D:10     | Reached *** piety under Kikubaaqudgha
 12167 | D:10     | Received a gift from Kikubaaqudgha
 12168 | D:10     | Reached skill level 10 in Dodging
 12213 | D:10     | Killed a tengu warrior
 12231 | D:10     | Reached skill level 1 in Poison Magic
 12437 | D:10     | Noticed a tengu warrior
 12691 | D:10     | Reached skill level 5 in Ice Magic
 13246 | D:9      | Killed a tengu warrior
 13940 | D:9      | Found a staircase to the Orcish Mines.
 14326 | D:10     | Noticed a two-headed ogre
 14333 | D:10     | Killed a two-headed ogre
 14434 | D:10     | Noticed a death knight
 14844 | D:10     | Learned a level 4 spell: Olgreb's Toxic Radiance
 15240 | D:10     | Killed a deep elf pyromancer
 15511 | D:10     | Killed a death knight
 15635 | D:10     | Reached XP level 12. HP: 55/63 MP: 26/26
 15757 | D:10     | Killed a centaur warrior
 15758 | D:10     | Reached skill level 11 in Dodging
 16203 | D:10     | Killed a boulder beetle
 16528 | D:10     | Learned a level 2 spell: Blink
 16721 | D:10     | Reached skill level 5 in Necromancy
 16729 | D:10     | Reached **** piety under Kikubaaqudgha
 16988 | D:11     | Found a staircase to the Lair.
 17016 | D:11     | Reached skill level 10 in Spellcasting
 17273 | D:11     | Noticed Erolcha
 17286 | D:11     | Killed Erolcha
 17287 | D:11     | Reached skill level 5 in Poison Magic
 18831 | Lair:1   | Entered Level 1 of the Lair of Beasts
 19801 | Lair:1   | Reached skill level 1 in Fire Magic
 19918 | Lair:1   | Reached skill level 12 in Dodging
 20153 | Lair:1   | Reached skill level 10 in Ranged Weapons
 22153 | Lair:1   | Upgraded the game from 0.30-a0-311-gf115ab0292 to
                  | 0.30-a0-313-gae38170b09
 22229 | Lair:2   | Reached XP level 13. HP: 56/68 MP: 29/29
 22406 | Lair:2   | Reached ***** piety under Kikubaaqudgha
 22614 | Lair:2   | Found a frozen archway.
 22626 | IceCv    | Entered an ice cave
 24330 | IceCv    | Noticed a frost giant
 24350 | IceCv    | Killed a frost giant
 24351 | IceCv    | Reached skill level 13 in Dodging
 24401 | IceCv    | Got the Writings on the Snowflakes
 25149 | Lair:2   | Found a staircase to the Shoals.
 25815 | Lair:3   | Found a hole to the Spider Nest.
 25973 | Lair:3   | Identified the +4 trident "Lodwaib" {elec, Fragile +Blink
                  | rF+++ SInv}
 25978 | Lair:3   | Noticed Kirke
 26160 | Lair:3   | Noticed Taurus's ghost (journeyman MiFi)
 26175 | Lair:3   | Found a one-way gate to the infinite horrors of the Abyss.
 26222 | Lair:3   | Found a transporter.
 26340 | Lair:3   | Noticed a sphinx
 26344 | Lair:3   | Paralysed by a sphinx for 3 turns
 26347 | Lair:3   | Killed Kirke
 26391 | Lair:3   | Found a transporter.
 26942 | Lair:3   | Reached XP level 14. HP: 45/74 MP: 24/31
 27783 | Lair:4   | Identified the +0 quarterstaff of the Shining Light
                  | {vorpal, rC+ Int+8 Dex-3}
 28002 | Lair:4   | Identified the -2 pair of boots of Geshethro {+Inv rC+}
 28049 | Lair:4   | Reached skill level 1 in Conjurations
 28105 | Lair:4   | Reached ****** piety under Kikubaaqudgha
 28775 | Lair:5   | Entered Level 5 of the Lair of Beasts
 28982 | Lair:5   | Found a staircase to the Slime Pits.
 29173 | Lair:5   | Reached skill level 14 in Dodging
 29217 | Lair:5   | Reached skill level 5 in Fire Magic
 29666 | Lair:5   | Found a burning altar of Makhleb.
 29756 | Lair:5   | Slain by a sun demon

Illustrated notes

Levels and vault maps discovered:
D:1:      onia_arrival_handbag, layout_basic, grunt_decor_arrowhead
D:2:      layout_rooms, serial_shops, shop, serial_aquarium,
          aquarium_bridge_square [aquarium_subvault_wall,
          aquarium_subvault_bridge, aquarium_subvault_bridge,
          aquarium_subvault_balcony], aquarium_window_1, aquarium_window_corner,
          aquarium_window_2, aquarium_view_2c, aquarium_view_2b,
          aquarium_pool_2, uniq_jessica
D:3:      layout_basic, kennysheep_generic_room_5
D:4:      layout_basic, uniq_sigmund
D:5:      layout_loops_cross, minmay_temple_entry_offerings
D:6:      layout_layer_cave, nicolae_overflow_hidden_temple, serial_demonic,
          serial_demonic_e, serial_demonic_a, serial_demonic_g, serial_demonic_e
D:7:      layout_loops_corners
D:8:      layout_loops_ring, enter_bailey_2, nicolae_wwwww,
          corexii_corridor_pit, uniq_pikel
D:9:      layout_loops_ring, erik_orc_3, kennysheep_generic_room_16
D:10:     minmay_the_grid_octo_tiled_octocenter [minmay_the_grid_octo_pinwheel,
          minmay_the_grid_octo_fan_narrow, minmay_the_grid_octo_focus,
          minmay_the_grid_octo_thin_diamonds, minmay_the_grid_octo_prize_star,
          minmay_the_grid_square_5x5_sharp_hourglass,
          minmay_the_grid_square_5x5_intrusive_squares,
          minmay_the_grid_square_5x5_eight_small,
          minmay_the_grid_square_5x5_half_checkered], layout_stronghold
D:11:     layout_cave_pools, hangedman_decor_opposing, uniq_erolcha
Temple:   nicolae_temple_bog_church
Lair:1:   layout_layer_cave, beast_lair_carwin_1
Lair:2:   layout_regular_city, minmay_shoals_entry_lonely_mermaid,
          portal_ice_cave_entry_pillars_2, serial_bayou_ford_a,
          beast_lair_carwin_10
Lair:3:   minmay_lair_oklob_chamber, layout_loops_ring, spider_nest_entry_webs,
          serial_rivers, chequers_serial_rivers_micro_a,
          chequers_serial_rivers_room_a, chequers_serial_rivers_micro_d,
          chequers_serial_rivers_micro_a, chequers_serial_rivers_room_a,
          chequers_serial_rivers_small_3, gammafunk_ghost_abyssal_escape,
          lemuel_fruit_tree, lemuel_fruit_fields, uniq_kirke
Lair:4:   layout_long_grid, serial_bayou_shore_b, grunt_megastairs_1
Lair:5:   evil_forest, layout_long_grid, slime_entry_1

Skill      XL: |  1  2  3  4  5  6  7  8  9 10 11 12 13 14 |
---------------+-------------------------------------------+-----
Stealth        | 2 3 4 5 6 7 |  7.0
Dodging        | 3 4 5 7 8 9 10 12 13 14 | 14.2
Spellcasting   | 1 2 3 4 5 7 8 9 11 12 | 12.6
Fighting       | 2 3 4 5 6 7 8 9 |  9.5
Ranged Weapons | 5 6 7 8 9 10 11 | 11.6
Hexes          | 2 4 5 |  5.0
Ice Magic      | 1 3 4 5 |  5.3
Necromancy     | 3 4 5 |  5.4
Poison Magic   | 3 6 7 8 |  8.0
Fire Magic     | 1 4 5 |  5.0
Conjurations   | 2 |  2.5

Action                   |  1- 3 |  4- 6 |  7- 9 | 10-12 | 13-15 || total
-------------------------+-------+-------+-------+-------+-------++-------
Melee: Dagger            |       |     5 |     5 |   104 |    14 ||   128
       Punch             |       |       |       |     1 |       ||     1
 Fire: Shortbow          |    65 |   115 |   545 |  1046 |   903 ||  2674
Throw: Dart              |       |       |       |       |     5 ||     5
 Cast: Ensorcelled Hiber |       |       |     1 |    44 |     3 ||    48
       Ignite Poison     |       |       |       |       |    21 ||    21
       Olgreb's Toxic Ra |       |       |       |       |    13 ||    13
       Animate Dead      |       |       |       |       |     5 ||     5
       Blink             |       |       |       |       |     1 ||     1
Evoke: Wand              |       |       |       |    14 |    12 ||    26
  Use: Scroll            |       |       |    18 |    11 |     6 ||    35
       Potion            |       |       |     6 |     6 |     3 ||    15
 Stab: Sleeping          |       |     1 |       |    11 |       ||    12
       Distracted        |       |       |       |     1 |       ||     1
Armor: Robe              |     2 |     6 |    25 |     5 |       ||    38
       Acid dragon scale |       |       |       |   109 |    93 ||   202
Dodge: Dodged            |    20 |    39 |   402 |  1069 |   993 ||  2523

Table legend: (Time is in decaauts)
 A = Elapsed time spent in this place.
 B = Non-inter-level travel time spent in this place.
 C = Inter-level travel time spent in this place.
 D = Time resting spent in this place.
 E = Time spent auto-exploring this place.
 F = Levels seen in this place.
 G = Mean time per level.
                   A        B        C        D        E       F      G
               +--------+--------+--------+--------+--------+-----+--------+
         Total |  22877 |  21413 |   1464 |   4812 |   9643 |  19 | 1204.1 |
       Dungeon |  13267 |  12026 |   1241 |   3016 |   5641 |  11 | 1206.1 |
        Temple |    386 |    352 |     34 |     54 |    123 |   1 |  386.0 |
          Lair |   6050 |   5863 |    187 |    389 |   3394 |   5 | 1210.0 |
        Bailey |   1189 |   1189 |      0 |    306 |    208 |   1 | 1189.0 |
      Ice Cave |   1983 |   1983 |      0 |   1046 |    276 |   1 | 1983.0 |
               +--------+--------+--------+--------+--------+-----+--------+

Top non-repeatable levels by time:
    D:10: 3080 daAuts
     D:9: 2446 daAuts
  Lair:1: 2270 daAuts
   IceCv: 1983 daAuts
     D:6: 1616 daAuts
  Lair:3: 1285 daAuts
     D:7: 1252 daAuts
  Bailey: 1189 daAuts
  Lair:2: 1064 daAuts
    D:11: 996 daAuts
     D:8: 795 daAuts
  Lair:5: 747 daAuts
     D:5: 722 daAuts
  Lair:4: 683 daAuts
     D:4: 671 daAuts
